Unix NetHack Version 5.0.0-0 post-release - last build May  4 2026 22:22:43 (774f63e81ad911689b3a0859ea89b322d5daca8d,branch:main).

Game began 2026-05-09 17:11:12, ended 2026-05-09 17:23:55.

DiePARTEI, neutral female gnomish Archeologist

                     ---
                      .-
                     -..
                     |.
                     |.|
                    --.|.-   -
                  ---...-----.
                 --........|.-
                --...........|
               --............---
               |.............Z.--
               --...<..|.....Z@.|
                -----.---.|.--.--
                    --- --------
DiePARTEI the Field Worker  St:11 Dx:8 Co:15 In:18 Wi:15 Ch:6  Neutral
Dlvl:5  $:51 HP:0(25) Pw:10(10) AC:7  Xp:3 T:1745  Burdened

Latest messages:
 You are hit by a crude dagger.
 You stop digging.
 You continue digging downward.
 You stop digging.
 a - a +3 bullwhip (weapon in right hand).
 e - a +0 pick-axe (alternate weapon; not wielded).
 You miss the goblin.
 The goblin hits!
 You kill the goblin!
 e - a +0 pick-axe (weapon in right hand).
 a - a +3 bullwhip (alternate weapon; not wielded).
 You continue digging downward.
 You hear crashing rock.
 You stop digging.
 a - a +3 bullwhip (weapon in right hand).
 e - a +0 pick-axe (alternate weapon; not wielded).
 The newt bites!
 You miss the newt.
 You miss the newt.
 You miss the newt.
 The newt bites!
 You kill the newt!
 The dwarf zombie hits!
 Are you sure you want to pray? [yn] (n) y
 You begin praying to Camaxtli.
 You are surrounded by a shimmering light.
 You hear crashing rock.
 You finish your prayer.
 You feel that Camaxtli is well-pleased.
 You feel much better.
 You miss the dwarf zombie.
 The dwarf zombie hits!
 You miss the dwarf zombie.
 The dwarf zombie hits!
 You miss the dwarf zombie.
 You hear crashing rock.
 The dwarf zombie hits!
 You miss the dwarf zombie.
 The gnome zombie hits!
 The dwarf zombie hits!
 You lash the dwarf zombie!
 The gnome zombie hits!
 The dwarf zombie hits!
 The gnome zombie hits!
 You die...
 Do you want your possessions identified? [ynq] (y) y
 Do you want to see your attributes? [ynq] (y) y
 Do you want an account of creatures vanquished? [ynaq] (y) y
 Do you want to see your conduct and achievements? [ynq] (y) y
 Do you want to see the dungeon overview? [ynq] (y) y

Inventory:
 Coins    ('$')
  $ - 51 gold pieces
 Weapons  (')')
  a - a +3 bullwhip (weapon in right hand)
  m - a +0 long sword
  y - a +0 orcish short sword
 Armor    ('[')
  k - an uncursed +0 orcish helm (being worn)
  E - an uncursed +0 orcish helm
  x - an uncursed +0 leather armor (being worn)
  b - an uncursed +0 leather jacket
 Comestibles  ('%')
  d - 6 uncursed food rations
  G - an uncursed orange
 Scrolls  ('?')
  i - an uncursed scroll of remove curse
 Potions  ('!')
  q - an uncursed potion of monster detection
  n - a blessed potion of restore ability
  l - an uncursed potion of restore ability
  o - an uncursed potion of speed
  A - a potion of unholy water
 Rings    ('=')
  D - an uncursed ring of poison resistance
 Wands    ('/')
  r - a wand of polymorph (0:7)
  u - a wand of stasis (0:5)
  v - a wand of teleportation (0:2)
 Tools    ('(')
  s - an empty uncursed sack
  w - an uncursed brass lantern
  e - a +0 pick-axe (alternate weapon; not wielded)
  f - a tinning kit (0:79)
 Gems/Stones  ('*')
  H - an uncursed obsidian stone
  g - an uncursed touchstone

DiePARTEI the Archeologist's attributes:

Background:
 You were a Field Worker, a level 3 female gnomish Archeologist.
 You were neutral, on a mission for Camaxtli
 who was opposed by Quetzalcoatl (lawful) and Huhetotl (chaotic).
 You were right-handed.
 You were in the Gnomish Mines, on level 5.
 You entered the dungeon 1745 turns ago.
 You had 56 experience points, 24 more were needed to attain level 4.

Basics:
 You had 0 out of 25 hit points.
 You had all 10 energy points (spell power).
 Your armor class was 7.
 Your wallet contained 51 zorkmids.
 Autopickup was off.

Final Characteristics:
 Your strength was 11 (limit:18/50).
 Your dexterity was 8 (limit:18).
 Your constitution was 15 (limit:18).
 Your intelligence was 18 (limit:19).
 Your wisdom was 15 (limit:18).
 Your charisma was 6 (limit:18).

Final Status:
 You were trapped in a pit.
 You weren't hungry.
 You were burdened; movement was slightly slowed.
 You were wielding a whip.
 You had basic skill with whip.

Final Attributes:
 You were devoutly aligned.
 You had automatic searching.
 You had infravision.
 You were warded.
 You are dead.

Miscellaneous:
 You encountered 1 bones level.
 Total elapsed playing time was 12 minutes and 42 seconds.

Major events:
 Turn
    1: DiePARTEI the neutral female gnomish Archeologist entered the dungeon
 1430: attained the rank of Field Worker (level 3)
 1607: entered the Gnomish Mines
 1745: killed by a gnome zombie

You didn't know any spells.

Skills:
 Fighting Skills
   bare handed combat [Unskilled]
   two weapon combat  [Unskilled]
   riding             [Unskilled]
 Weapon Skills
   dagger             [Unskilled]
   knife              [Unskilled]
   pick-axe           [Basic]
   short sword        [Unskilled]
   saber              [Unskilled]
   club               [Unskilled]
   quarterstaff       [Unskilled]
   sling              [Unskilled]
   dart               [Unskilled]
   boomerang          [Unskilled]
   whip               [Basic]
   unicorn horn       [Unskilled]
 Spellcasting Skills
   attack spells      [Unskilled]
   healing spells     [Unskilled]
   divination spells  [Unskilled]
   matter spells      [Unskilled]

Voluntary challenges:
 Character rerolling was not enabled.
 You never genocided any monsters.
 You never polymorphed an object.
 You never changed form.
 You used no wishes.
Achievements:
 You entered a shop.
 You attained the rank of Field Worker.
 You entered the Gnomish Mines.

 The Dungeons of Doom: levels 1 to 4
    Level 1:
    Level 2:
       A wand shop.
    Level 3:
       Many fountains, a grave.
       Stairs down to The Gnomish Mines.
    Level 4:
       A fountain.
 The Gnomish Mines: levels 4 to 5
    Level 4:
       Final resting place for
          Wizzard5-Wiz-Elf-Fem-Cha, killed by a rock piercer.
    Level 5: <- You were here.
       Final resting place for
          you, killed by a gnome zombie.


Vanquished creatures:
  a rock piercer
  a kitten
 an iguana
  a gnome zombie
  2 geckos
  6 jackals
  2 foxes
  a kobold
  7 goblins
  7 grid bugs
  a bat
  6 newts
36 creatures vanquished.

No species were genocided or became extinct.

Game over:
                       ----------
                      /          \
                     /    REST    \
                    /      IN      \
                   /     PEACE      \
                  /                  \
                  |    DiePARTEI     |
                  |      51 Au       |
                  |   killed by a    |
                  |   gnome zombie   |
                  |                  |
                  |                  |
                  |       2026       |
                 *|     *  *  *      | *
        _________)/\\_//(\/(/\)/\//\/|_)_______

Goodbye DiePARTEI the Archeologist...

You died in The Gnomish Mines on dungeon level 5 with 470 points,
and 51 pieces of gold, after 1745 moves.
You were level 3 with a maximum of 25 hit points when you died.

